 Dungeon Crawl Stone Soup version 0.29.1-12-g30fa7ad0bf (webtiles) character file.

Game seed: 7744989795914100096

68524 AarnesTheHuman the Eclecticist (level 14, -3/84 HPs)
             Began as a Deep Elf Summoner on Dec 20, 2022.
             Was a High Priest of Hepliaklqana.
             Slain by a boulder beetle (49 damage)
             ... on level 13 of the Dungeon on Dec 21, 2022.
             The game lasted 02:22:13 (36222 turns).

AarnesTheHuman the Eclecticist (Deep Elf Summoner) Turns: 36222, Time: 02:22:13

Health: -3/84      AC: 14    Str: 14    XL:     14   Next: 87%
Magic:  24/35      EV: 17    Int: 32    God:    Hepliaklqana [*****.]
Gold:   1460       SH:  0    Dex: 15    Spells: 15/43 levels left

rFire   . . .      SeeInvis +   a - staff of air
rCold   + . .      Faith    .   (no shield)
rNeg    . . .      Spirit   .   Q - +2 robe {rC+}
rPois   +          Reflect  .   q - +0 helmet
rElec   +          Harm     .   D - +5 cloak "Uhadghae" {Will+ rCorr}
rCorr   +          Rampage  .   (no gloves)
Will    ++...                   R - +2 pair of boots
Stlth   ++........              X - amulet of regeneration
HPRegen 1.04/turn               z - ring "Les Donaje" {rPois Str+6 SInv}
MPRegen 0.24/turn               k - ring of Fuk Faint {Str+3 Int+6}

@: very slow
A: reduced essence
a: Renounce Religion, Recall Ancestor, Ancestor Identity, Transference, Idealise


You were on level 13 of the Dungeon.
You worshipped Hepliaklqana.
Hepliaklqana was extremely pleased with you.
You visited 4 branches of the dungeon, and saw 20 of its levels.
You also visited: Gauntlet.

You collected 1460 gold pieces.

Inventory:

Hand Weapons
 b - a +3 dagger of venom
 J - the +7 spear of Soubeghu {vorpal, Int+4}
   (You found it on level 12 of the Dungeon)

   It inflicts extra damage upon your enemies.
   Int:       It affects your intelligence (+4).
 V - a +3 dagger of flaming
Missiles
 j - 32 poisoned darts (quivered)
 P - 3 curare-tipped darts
Armour
 q - a +0 helmet (worn)
 D - the +5 cloak "Uhadghae" (worn) {Will+ rCorr}
   (You acquired it on level 3 of the Dungeon)

   rCorr:     It protects you from acid and corrosion.
   Will:      It increases your willpower.
 Q - a +2 robe of cold resistance (worn)
 R - a +2 pair of boots (worn)
Magical Staves
 a - a staff of air (weapon)
Jewellery
 f - a +4 ring of protection
 k - the ring of Fuk Faint (right hand) {Str+3 Int+6}
   (You acquired it on level 3 of the Dungeon)

   [ring of intelligence]

   Str:       It affects your strength (+3).
   Int:       It affects your intelligence (+6).
 r - a ring of fire
 z - the ring "Les Donaje" (left hand) {rPois Str+6 SInv}
   (You took it off a hobgoblin on level 4 of the Dungeon)

   [ring of strength]

   Str:       It affects your strength (+6).
   rPois:     It protects you from poison.
   SInv:      It lets you see invisible.
 G - a ring of positive energy
 H - a ring of flight
 N - a ring of magical power
 O - a ring of wizardry
 U - a ring of positive energy
 X - an amulet of regeneration (around neck)
Wands
 w - a wand of flame (57)
 x - a wand of charming (16)
 M - a wand of light (23)
 S - a wand of iceblast (6)
Scrolls
 d - 3 scrolls of torment
 e - a scroll of silence
 h - 4 scrolls of blinking
 l - 8 scrolls of teleportation
 m - 3 scrolls of amnesia
 t - a scroll of summoning {unknown}
 u - 3 scrolls of immolation
 y - 2 scrolls of magic mapping
 E - a scroll of vulnerability
 K - 3 scrolls of fog
 L - 2 scrolls of fear
 W - a scroll of enchant weapon
Potions
 c - a potion of resistance
 g - 10 potions of curing
 i - 3 potions of lignification
 n - a potion of attraction
 o - 5 potions of invisibility
 p - 2 potions of brilliance
 s - 2 potions of magic
 v - 3 potions of haste
 A - 3 potions of heal wounds
 B - 6 potions of mutation
 C - 2 potions of flight
 F - 4 potions of might
 I - 2 potions of ambrosia
 Y - a potion of berserk rage
Miscellaneous
 Z - a phial of floods


   Skills:
 + Level 13.3 Fighting
 - Level 1.0 Short Blades
 - Level 1.0 Polearms
 - Level 1.0 Throwing
 - Level 2.0 Armour
 + Level 9.9 Dodging
 - Level 6.0 Stealth
 - Level 15.0 Spellcasting
 - Level 4.0 Conjurations
 - Level 12.1 Summonings
 - Level 4.0 Ice Magic
 + Level 10.4 Air Magic
 - Level 4.0 Invocations


You had 15 spell levels left.
You knew the following spells:

 Your Spells              Type           Power      Damage    Failure   Level
a - Summon Small Mammal   Summ           100%       N/A       0%          1
b - Call Imp              Summ           80%        N/A       1%          2
c - Call Canine Familiar  Summ           80%        N/A       1%          3
d - Summon Lightning Spi  Summ/Air       97%        N/A       1%          4
e - Airstrike             Air            47%        2d(7-23)  1%          4
f - Lightning Bolt        Conj/Air       40%        1d59      2%          5
g - Conjure Flame         Conj/Fire      36%        6-21      2%          3
h - Frozen Ramparts       Ice            98%        1d15      1%          3
i - Mephitic Cloud        Conj/Pois/Air  70%        N/A       1%          3

Your spell library contained the following spells:

 Spells                   Type           Power      Damage    Failure   Level
 Magic Dart               Conj           100%       1d8       1%          1
 Necrotise                Necr           96%        1d8       1%          1
 Summon Guardian Golem    Hex/Summ       58%        N/A       1%          3
 Summon Ice Beast         Ice/Summ       66%        N/A       1%          4
 Ignite Poison            Fire/Tmut/Pois 24%        N/A       5%          3
 Portal Projectile        Hex/Tloc       48%        N/A       5%          3
 Vampiric Draining        Necr           24%        2d7       5%          3
 Ice Form                 Ice/Tmut       36%        N/A       8%          4
 Sticky Flame             Conj/Fire      36%        2d6       8%          4
 Iskenderun's Battlesphe  Conj           49%        2d10      10%         5
 Conjure Ball Lightning   Conj/Air       40%        3x3d13    14%         6
 Leda's Liquefaction      Hex/Erth       12%        N/A       19%         4
 Fireball                 Conj/Fire      18%        3d9       22%         5
 Agony                    Necr           24%        N/A       45%         5
 Maxwell's Capacitive Co  Air            47%        ∞         86%         8
 Storm Form               Tmut/Air       36%        N/A       88%         7
 Orb of Destruction       Conj           24%        9d9       96%         7


Dungeon Overview and Level Annotations

Branches:
Dungeon (13/15)            Temple (1/1) D:6            Lair (5/5) D:8
 Shoals (0/4) Lair:2        Snake (0/4) Lair:2        Slime (0/5) Lair:5
    Orc (1/2) D:12        Gauntlet (visited)
 Vaults: D:13-14

Altars:
Ashenzari
Cheibriados
Dithmenos
Elyvilon
Fedhas
Gozag
Hepliaklqana
Kikubaaqudgha
Makhleb
Nemelex Xobeh
Okawaru
Qazlal
Ru
Sif Muna
Trog
Uskayaw
Vehumet
Wu Jian
Xom
Yredelemnul
Zin
The Shining One

Annotations:
D:5 exclusion: phantom
D:7 exclusion: downstairs
D:12 exclusion: downstairs
Lair:3 exclusion: downstairs


Message History

A water elemental comes into view.
Casting: Airstrike (safe; 1% risk of failure)
Confirm with . or Enter, or press ? or * to list all spells.
Aiming: Airstrike (safe; 1% risk of failure)
Press: ? - help, Dir - move target, f - water elemental
Aim: a water elemental (dormant, empty space bonus: 4/8)
You feel a surge of power!
The air twists around and strikes the water elemental!
The water elemental is moderately damaged.
A basilisk comes into view.
Casting: Airstrike (safe; 1% risk of failure)
Confirm with . or Enter, or press ? or * to list all spells.
Aiming: Airstrike (safe; 1% risk of failure)
Press: ? - help, Dir - move target, f/p - water elemental
Aim: a water elemental (moderately damaged, ally target, empty space bonus: 7/8)
You feel a surge of power!
The air twists around and strikes the water elemental!
The water elemental is heavily damaged.
The basilisk hisses angrily.
Casting: Airstrike (safe; 1% risk of failure)
Confirm with . or Enter, or press ? or * to list all spells.
Aiming: Airstrike (safe; 1% risk of failure)
Press: ? - help, Dir - move target, f/p - water elemental
Aim: a water elemental (heavily damaged, ally target, empty space bonus: 8/8)
You feel a surge of power!
The air twists around and strikes the water elemental!
The water elemental is severely damaged.
Nhalahla hits the water elemental with a +0 flail!
The water elemental hits Nhalahla.
Nhalahla hits the water elemental with a +0 flail!
The water elemental is destroyed!
The boulder beetle attacks as you move away!
The boulder beetle hits you!!!
The boulder beetle stops rolling and uncurls.
You hear a shout!
The boulder beetle curls into a ball and begins rolling!
The boulder beetle attacks as you move away!
The boulder beetle hits you!!!
Ouch! That really hurt!
You die...

#.... ~..... .. #....
~~..... ##.# #....
~~.....###...# ##~ ....
~~...........#.....###'#
~~~l.........'..........
~~...#~......#..........
~~...~R...............#.
~~...~~@# #..........#.
~##~~~~B# #..........#.
#~~~°~####...(......#.
.#~~~~...............#.
.....~~.................
.....~~.................
.....~~~~#.).######.....
~(...~~~~~......# #.....
..~~~~~~~......###
#.....


You could see the friendly Nhalahla the knight, a boulder beetle (rolling, ally
target) and a basilisk.

Vanquished Creatures
  5 hydras
  2 boulder beetles
  A centaur warrior (D:13)
  Erica (D:11)
  A two-headed ogre (D:10)
  A death yak (Lair:5)
  Sonja (D:11)
  A deep elf pyromancer (D:12)
  An oklob plant (Lair:3)
  2 cyclopes
  A manticore (D:13)
  A merfolk siren (Lair:2)
  An elephant (Lair:4)
  3 molten gargoyles (Lair:5)
  8 black mambas
  2 gargoyles
  7 cane toads
  2 rime drakes (Lair:5)
  11 komodo dragons
  An unseen horror (D:12)
  A tengu conjurer (D:13)
  A polar bear (Lair:2)
  4 trolls
  A hornet (D:10)
  2 slime creatures (D:12)
  7 blink frogs
  2 shadows
  A wyvern (Lair:5)
  4 wraiths
  17 yaks
  A vampire (D:12)
  2 hogs
  2 vampire mosquitoes (D:12)
  A human (D:13)
  2 basilisks
  A warg (D:12)
  3 acid dragons
  3 nagas (Lair:2)
  10 water moccasins
  4 hell hounds (Lair:5)
  4 orc warriors
  3 black bears
  A sky beast (D:7)
  2 ice beasts
  3 centaurs
  3 kobold brigands
  A necrophage (D:7)
  9 bullfrogs
  4 scorpions
  A wight (D:6)
  6 killer bees
  3 howler monkeys
  2 electric eels
  4 lava snakes (Lair:5)
  2 hounds (D:5)
  3 orc priests
  A gnoll bouda (D:8)
  9 orc wizards
  Terence (D:2)
  An iguana (D:3)
  8 gnolls
  4 adders
  A shadow imp (D:5)
  An ufetubus (D:5)
  2 dart slugs (D:3)
  27 orcs
  4 endoplasms
  4 giant cockroaches
  4 goblins
  3 hobgoblins
  2 quokkas
  11 kobolds
  7 rats
263 creatures vanquished.

Vanquished Creatures (collateral kills)
  Kirke (Lair:4)
  A fire dragon (Lair:5)
  Snorg (Lair:5)
  A rakshasa (D:13)
  10 hydras
  A vault guard (D:13)
  A boulder beetle (D:13)
  A catoblepas (Lair:1)
  4 centaur warriors
  2 two-headed ogres
  5 death yaks (Lair:5)
  A lindwurm (Lair:5)
  A deep elf pyromancer (D:13)
  An ugly thing (D:8)
  2 cyclopes
  A manticore (D:12)
  2 merfolk sirens (Lair:2)
  9 elephants
  A black mamba (shapeshifter) (D:13)
  A black mamba (Lair:5)
  Maggie (D:7)
  6 cane toads
  An unseen horror (D:10)
  A rime drake (Lair:1)
  5 komodo dragons
  2 trolls
  A merfolk (Lair:2)
  4 blink frogs
  2 slime creatures (D:12)
  Sigmund (D:5)
  A water elemental (D:13)
  23 yaks
  A wyvern (D:8)
  3 basilisks
  A hog (Lair:4)
  A vampire mosquito (D:12)
  3 water moccasins
  A hell hound (Lair:5)
  An ice beast (D:5)
  An ogre (D:4)
  A kobold brigand (D:8)
  3 bullfrogs
  3 gnoll sergeants
  2 wights (D:6)
  3 killer bees
  2 howler monkeys (D:9)
  An orc wizard (D:5)
  3 iguanas (D:5)
  5 adders
  14 gnolls
  A shadow imp (D:6)
  A white imp (D:7)
  2 worms
  A dart slug (D:1)
  10 orcs
  A giant cockroach (D:4)
  2 hobgoblins
  3 jackals (D:5)
  A quokka (D:2)
  4 ball pythons
  A frilled lizard (D:1)
  4 goblins
  7 kobolds
182 creatures vanquished.

Vanquished Creatures (others)
  6 knights
  10 ancestors
  27 fungi
  38 plants
81 creatures vanquished.

Grand Total: 526 creatures vanquished

Notes
Turn   | Place    | Note
-------+----------+-------------------------------------------
     0 | D:1      | AarnesTheHuman the Deep Elf Summoner began the quest for
                  | the Orb.
     0 | D:1      | Reached XP level 1. HP: 10/10 MP: 6/6
   501 | D:1      | Reached XP level 2. HP: 15/15 MP: 6/8
   622 | D:1      | Learned a level 2 spell: Call Imp
   976 | D:1      | Found a faded altar of an unknown god.
  1638 | D:2      | Noticed Terence
  2029 | D:2      | Reached skill level 4 in Spellcasting
  2029 | D:2      | Reached skill level 5 in Summonings
  2029 | D:2      | Reached XP level 3. HP: 20/20 MP: 7/10
  2033 | D:2      | Learned a level 3 spell: Call Canine Familiar
  3046 | D:2      | Killed Terence
  3047 | D:2      | Reached skill level 1 in Fighting
  3047 | D:2      | Reached XP level 4. HP: 25/25 MP: 9/12
  3105 | D:3      | Identified 2 scrolls of acquirement
  3105 | D:3      | Acquired the +5 cloak "Uhadghae" {Will+ rCorr}
  3325 | D:3      | Reached skill level 1 in Short Blades
  3868 | D:3      | Reached XP level 5. HP: 29/29 MP: 13/13
  4454 | D:4      | Identified the ring "Les Donaje" {rPois Str+6 SInv}
  4499 | D:4      | Noticed an ogre
  4536 | D:4      | Reached skill level 5 in Spellcasting
  4536 | D:4      | Reached XP level 6. HP: 35/35 MP: 12/15
  4851 | D:3      | Learned a level 4 spell: Summon Lightning Spire
  4885 | D:3      | Reached skill level 1 in Throwing
  5408 | D:4      | Acquired the ring of Fuk Faint {Str+3 Int+6}
  5457 | D:4      | Reached skill level 1 in Air Magic
  5788 | D:5      | Entered Level 5 of the Dungeon
  6182 | D:5      | Reached XP level 7. HP: 40/40 MP: 12/16
  6342 | D:5      | Noticed Sigmund
  6616 | D:5      | Killed Sigmund
  7107 | D:5      | Reached XP level 8. HP: 46/46 MP: 15/18
  7884 | D:6      | Found a staircase to the Ecumenical Temple.
  7892 | Temple   | Entered the Ecumenical Temple
  8012 | Temple   | Became a worshipper of Hepliaklqana the Forgotten
  8072 | D:6      | Learned a level 4 spell: Airstrike
  8287 | D:6      | Found a stormy altar of Qazlal.
  8343 | D:6      | Found an ancient bone altar of Kikubaaqudgha.
  8361 | D:6      | Reached skill level 5 in Air Magic
  9102 | D:6      | Found an iron altar of Okawaru.
  9274 | D:7      | Reached skill level 6 in Spellcasting
  9367 | D:7      | Noticed a troll
  9766 | D:7      | Noticed Maggie
  9940 | D:7      | Reached skill level 5 in Dodging
 10658 | D:7      | Reached * piety under Hepliaklqana
 11010 | D:7      | Reached XP level 9. HP: 47/47 MP: 7/21
 11015 | D:7      | Reached skill level 5 in Fighting
 11015 | D:7      | Reached skill level 7 in Spellcasting
 11271 | D:7      | Killed a troll
 12068 | D:8      | Found a staircase to the Lair.
 12344 | D:8      | Reached skill level 8 in Spellcasting
 12373 | D:8      | Noticed a two-headed ogre
 12392 | D:8      | Killed a two-headed ogre
 12642 | D:8      | Noticed a four-headed hydra
 12768 | D:8      | Noticed a centaur warrior
 12873 | D:8      | Killed a centaur warrior
 12874 | D:8      | Reached skill level 9 in Spellcasting
 12874 | D:8      | Reached XP level 10. HP: 11/54 MP: 15/25
 13096 | D:8      | Noticed a cyan ugly thing
 13338 | D:7      | Killed Maggie
 13922 | D:8      | Learned a level 5 spell: Lightning Bolt
 14095 | D:8      | Killed a four-headed hydra
 14200 | D:8      | Killed a cyan ugly thing
 15479 | D:9      | Found a hide-covered altar of Uskayaw.
 15836 | Lair:1   | Entered Level 1 of the Lair of Beasts
 15838 | Lair:1   | Reached ** piety under Hepliaklqana
 15919 | Lair:1   | Found a gate leading to a gauntlet.
 15928 | Gauntlet | Entered a Gauntlet
 15928 | Gauntlet | Found a transporter.
 15928 | Gauntlet | Found a transporter.
 15928 | Gauntlet | Found a transporter.
 15949 | Gauntlet | Found a transporter.
 15958 | Gauntlet | Noticed a torpor snail
 15961 | Gauntlet | Found a transporter.
 15962 | Gauntlet | Found a transporter.
 15971 | Gauntlet | Noticed a glowing orange brain
 15972 | Gauntlet | Found a transporter.
 15980 | Gauntlet | Noticed a purple ugly thing
 15991 | Gauntlet | Found a transporter.
 16006 | Gauntlet | Found a transporter.
 16012 | Gauntlet | Noticed a tengu warrior
 16017 | Gauntlet | Found a transporter.
 16020 | Gauntlet | Found a transporter.
 16055 | Gauntlet | Found a transporter.
 16107 | Gauntlet | Learned a level 3 spell: Conjure Flame
 16231 | Lair:1   | Reached skill level 10 in Spellcasting
 16231 | Lair:1   | Reached XP level 11. HP: 60/60 MP: 2/27
 16519 | Lair:1   | Reached skill level 11 in Spellcasting
 16643 | Lair:1   | Reached skill level 1 in Invocations
 16829 | Lair:1   | Reached skill level 1 in Armour
 17770 | Lair:1   | Noticed a catoblepas
 17782 | Lair:1   | Killed a catoblepas
 18917 | Lair:2   | Found a staircase to the Shoals.
 19246 | Lair:2   | Found a staircase to the Snake Pit.
 19320 | Lair:2   | Reached XP level 12. HP: 68/68 MP: 16/29
 19657 | Lair:2   | Reached *** piety under Hepliaklqana
 19791 | Lair:2   | Reached skill level 10 in Summonings
 20232 | Lair:3   | Noticed a six-headed hydra
 20363 | Lair:3   | Killed a six-headed hydra
 20731 | Lair:3   | Noticed a seven-headed hydra
 20737 | Lair:3   | Killed a seven-headed hydra
 21345 | Lair:3   | Noticed a seven-headed hydra
 21355 | Lair:3   | Killed a seven-headed hydra
 22871 | Lair:4   | Reached skill level 10 in Air Magic
 22973 | Lair:4   | Reached **** piety under Hepliaklqana
 22977 | Lair:4   | Remembered your ancestor Nhalahla as a knight
 23067 | Lair:4   | Reached skill level 12 in Spellcasting
 23137 | Lair:4   | Reached XP level 13. HP: 73/73 MP: 6/31
 23150 | Lair:4   | Reached skill level 10 in Fighting
 23465 | Lair:4   | Noticed Kirke
 24051 | Lair:4   | Killed Kirke
 24669 | Lair:5   | Entered Level 5 of the Lair of Beasts
 25984 | Lair:5   | Noticed Snorg
 26215 | Lair:5   | Killed Snorg
 26579 | Lair:5   | Found a staircase to the Slime Pits.
 26868 | Lair:5   | Reached skill level 13 in Spellcasting
 27317 | Lair:5   | Reached skill level 14 in Spellcasting
 27559 | Lair:5   | Reached XP level 14. HP: 82/82 MP: 18/34
 27967 | Lair:5   | Reached skill level 5 in Stealth
 28111 | Lair:5   | Found a large runed translucent door.
 28111 | Lair:5   | Found a large runed translucent door.
 28637 | D:10     | Entered Level 10 of the Dungeon
 29606 | D:10     | Reached ***** piety under Hepliaklqana
 30168 | D:10     | Identified the +0 leather armour of the Imp {rN+ Dex+5}
 30178 | D:10     | Learned a level 3 spell: Frozen Ramparts
 30269 | D:11     | Reached skill level 1 in Ice Magic
 30438 | D:11     | Noticed Sonja
 30443 | D:11     | Killed Sonja
 30571 | D:11     | Noticed Erica
 30579 | D:11     | Killed Erica
 32472 | D:12     | Reached skill level 15 in Spellcasting
 32582 | D:12     | Identified the +7 spear of Soubeghu {vorpal, Int+4}
 32952 | D:12     | Found a staircase to the Orcish Mines.
 33348 | Orc:1    | Entered Level 1 of the Orcish Mines
 33521 | D:13     | Learned a level 3 spell: Mephitic Cloud
 34810 | D:13     | Reached skill level 1 in Polearms
 36222 | D:13     | Slain by a boulder beetle

Illustrated notes

Levels and vault maps discovered:
D:1:      nzn_arrival_crosshair, layout_loops_corners,
          dreamdust_ecumenical_altar_hidden_monk_grotto
D:2:      layout_loops_corners, uniq_terence
D:3:      layout_loops_ring, minmay_strange_pillars
D:4:      layout_cave_pools
D:5:      minmay_evil_eye, layout_basic, uniq_sigmund
D:6:      layout_loops_ring, mainiacjoe_overflow_concentric_impassable,
          lemuel_coloured_pillars_altar, nicolae_overflow_crystal_walls,
          minmay_temple_entry_stoned_glass
D:7:      layout_basic, minivault_24, uniq_maggie
D:8:      minmay_distorted_concentric_squares, layout_loops_cross,
          lair_entry_dummy, nicolae_fountain_basement
D:9:      layout_roguey, mainiacjoe_overflow_tiny_flanked
D:10:     layout_roguey
D:11:     layout_roguey, kennysheep_decorative_pillar, uniq_erica, uniq_sonja
D:12:     wander_river, layout_cave_pools, orc_0_dummy, fountainhead,
          kennysheep_generic_room_7
D:13:     cheibrodos_ideogram_h, layout_basic, grunt_vaults_entry_fortified
Temple:   nicolae_temple_two_arcs
Lair:1:   layout_gridlike, gauntlet_entry_generic, beast_lair_carwin_6
Lair:2:   layout_regular_city, elwin_shoals_entry_stream,
          guppyfry_snake_entry_garden, chequers_serial_rivers_small_3
Lair:3:   layout_small_grid
Lair:4:   layout_gridlike, grunt_megastairs_3, uniq_kirke
Lair:5:   cheibrodos_lair_end_hotspot, layout_regular_city, slime_entry_1,
          chequers_serial_rivers_room_a, infiniplex_staircase_pool_2, uniq_snorg
Orc:1:    layout_caves, serial_shops, shop

Skill      XL: |  1  2  3  4  5  6  7  8  9 10 11 12 13 14 |
---------------+-------------------------------------------+-----
Spellcasting   | 4 5 6 9 10 11 12 14 15 | 15.0
Summonings     | 5 6 7 9 12 | 12.1
Fighting       | 1 2 3 4 6 7 9 12 13 | 13.3
Short Blades   | 1 |  1.0
Dodging        | 3 4 5 6 8 9 |  9.9
Stealth        | 3 4 6 |  6.0
Throwing       | 1 |  1.0
Air Magic      | 3 4 6 7 8 10 | 10.4
Conjurations   | 3 4 |  4.0
Invocations    | 3 4 |  4.0
Armour         | 2 |  2.0
Ice Magic      | 4 |  4.0
Polearms       | 1 |  1.0

Action                   |  1- 3 |  4- 6 |  7- 9 | 10-12 | 13-15 || total
-------------------------+-------+-------+-------+-------+-------++-------
Melee: Dagger            |    57 |    64 |    44 |    12 |    29 ||   206
       Short sword       |       |    14 |       |       |       ||    14
       Staff             |       |       |       |       |     4 ||     4
Throw: Dart              |     4 |    16 |     9 |    12 |    21 ||    62
 Cast: Summon Small Mamm |    13 |    16 |    11 |     2 |     2 ||    44
       Call Imp          |     6 |    11 |     9 |     6 |     1 ||    33
       Call Canine Famil |       |     9 |    17 |    10 |     8 ||    44
       Airstrike         |       |       |    77 |   200 |   320 ||   597
       Summon Lightning  |       |       |    11 |    58 |    59 ||   128
       Conjure Flame     |       |       |       |     3 |     3 ||     6
       Lightning Bolt    |       |       |       |     3 |     1 ||     4
       Frozen Ramparts   |       |       |       |       |     7 ||     7
       Mephitic Cloud    |       |       |       |       |     2 ||     2
Invok: Recall Ancestor   |       |       |     1 |     1 |     7 ||     9
       Ancestor Life: Kn |       |       |       |     1 |       ||     1
       Transference      |       |       |       |       |     2 ||     2
Evoke: Wand              |       |       |       |     1 |     1 ||     2
  Use: Scroll            |     2 |    10 |     5 |     7 |    16 ||    40
       Potion            |       |       |     1 |       |       ||     1
 Stab: Sleeping          |     8 |     3 |       |       |       ||    11
       Distracted        |       |       |     2 |       |       ||     2
Armor: Robe              |    11 |    23 |    16 |       |     7 ||    57
       Leather armour    |       |       |     1 |       |       ||     1
       Troll leather arm |       |       |     2 |    43 |    10 ||    55
Dodge: Dodged            |    35 |    49 |    37 |    71 |    67 ||   259
